AoeStats
← Pottler

Lombardia

508054448Analyzed
4v4 RM · 10d ago on Sep 20, 2026· 61m 55s· 8 players
Game mode
Random Map
Map size
Large (8 player)
Population
200
Speed
Normal
Resources
Standard
Victory
Conquest
Starting age
Dark Age
Ending age
Imperial Age
RankedLock teamsTeams togetherTeam positionsShared explorationLock speedFull tech treeHidden civsTurbo modeCheats
Victory
Defeat
🇬🇧 Italians · United Kingdom
1019
+15
🇺🇸 Mapuche · United States
999
+16
🇳🇱 Spanish · Netherlands
998
+16
🇷🇺 Franks · Russia
989
+16
🇩🇪 Poles · Germany
1091
-19
🇸🇪 Goths · Sweden
1024
-16
🇩🇪 Britons · Germany
1016
-17
🇩🇪 Franks · Germany
866
-11
aclcbrn
5:10 Loom
9:50 Feudal Age
10:37 Double-Bit Axe
16:08 Castle Age
14:53 Stone Mining
14:53 Horse Collar
15:43 Gold Mining
21:07 Bow Saw
22:28 Heavy Plow
24:16 Town Watch
25:10 Wheelbarrow
30:06 Imperial Age
28:04 Bloodlines
29:22 Light Cavalry
30:21 Forging
30:53 Hand Cart
30:50 Scale Barding Armor
30:17 Pikeman
32:14 Chemistry
31:35 Ballistics
31:46 Conscription
32:41 Town Patrol
32:08 Halberdier
32:48 Squires
32:33 Gambesons
33:52 Husbandry
34:16 Hussar
35:29 Padded Archer Armor
35:20 Fletching
35:02 Elite Skirmisher
37:48 Arson
38:57 Iron Casting
38:23 Scale Mail Armor
38:19 Bodkin Arrow
38:40 Leather Archer Armor
38:49 Cavalier
42:07 Blast Furnace
41:28 Chain Barding Armor
45:39 Caravan
47:09 Two-Man Saw
51:44 Plate Barding Armor
51:25 Leather Archer Armor
51:11 Bracer
51:26 Chain Mail Armor
52:29 Capped Ram
54:01 Siege Ram
Darth Citius
10:32 Feudal Age
9:14 Loom
15:23 Castle Age
16:27 Double-Bit Axe
16:23 Horse Collar
16:39 Horse Collar
16:59 Town Watch
22:12 Bow Saw
22:45 Fletching
24:48 Wheelbarrow
24:17 Town Patrol
24:42 Bodkin Arrow
24:32 Champi Runner
26:33 Gold Mining
26:35 Stone Mining
32:17 Imperial Age
30:44 Padded Archer Armor
32:23 Elite Bolas Rider
34:25 Leather Archer Armor
34:23 Forging
34:13 Scale Mail Armor
33:39 Elite Skirmisher
34:23 Heavy Plow
33:46 Elite Skirmisher
36:09 Conscription
35:58 Butalmapu
37:04 Ring Archer Armor
36:52 Chain Mail Armor
38:41 Ballistics
40:18 Iron Casting
40:15 Plate Mail Armor
41:26 Malon
47:19 Crop Rotation
51:24 Champi Warrior
54:17 Caravan
54:10 Elite Champi Warrior
56:02 Blast Furnace
Ray
3:03 Loom
10:34 Feudal Age
17:34 Double-Bit Axe
17:41 Town Watch
19:20 Gold Mining
22:14 Castle Age
22:33 Scale Barding Armor
22:38 Forging
27:35 Gold Shaft Mining
26:57 Stone Mining
28:57 Arson
29:13 Squires
29:15 Scale Mail Armor
32:41 Husbandry
32:09 Light Cavalry
33:12 Bow Saw
34:33 Wheelbarrow
35:45 Chain Barding Armor
36:01 Iron Casting
38:57 Imperial Age
37:35 Fletching
38:37 #83
38:36 Chain Mail Armor
38:58 Cavalier
40:18 Plate Barding Armor
40:45 Blast Furnace
40:11 Conscription
40:27 Hoardings
41:19 Bodkin Arrow
46:31 Chemistry
45:42 Masonry
45:37 Siege Engineers
45:29 Murder Holes
46:00 Paladin
46:48 Murder Holes
47:05 Fortified Wall
55:16 Plate Mail Armor
59:57 Caravan
Yoda
10:36 Feudal Age
8:53 Loom
12:08 Loom
15:37 Wheelbarrow
17:42 Castle Age
17:51 Scale Mail Armor
17:47 Fletching
25:23 Double-Bit Axe
29:51 Imperial Age
27:30 Horse Collar
27:54 Padded Archer Armor
27:30 Pikeman
28:20 Squires
29:52 Leather Archer Armor
31:33 Hand Cart
31:49 Gold Mining
34:21 Chemistry
34:50 Conscription
35:03 Ring Archer Armor
35:29 Bodkin Arrow
35:51 Chain Mail Armor
36:09 Heavy Plow
36:06 Town Watch
36:51 Bracer
37:27 Stone Mining
38:13 Bow Saw
39:23 Ballistics
39:15 Fortified Wall
38:59 Elite Genoese Crossbowman
41:00 Stone Shaft Mining
40:27 Town Patrol
42:41 Two-Man Saw
42:15 Crop Rotation
42:18 Plate Mail Armor
41:58 Forging
41:52 Arson
44:27 Iron Casting
46:05 Bombard Tower
49:28 Masonry
48:59 Treadmill Crane
49:33 Masonry
49:55 Fervor
50:48 Hoardings
53:02 Thumb Ring
52:18 Crossbowman
53:14 Pirotechnia
55:32 Silk Road
56:49 Arbalester
59:11 Caravan
60:42 Blast Furnace
Pottler
2:52 Loom
12:34 Feudal Age
17:26 Castle Age
15:19 Double-Bit Axe
22:20 Light Cavalry
23:10 Bloodlines
23:02 Husbandry
29:24 Bow Saw
31:52 Imperial Age
30:48 Gold Mining
31:33 Caravan
32:19 Winged Hussar
33:09 Scale Mail Armor
33:15 Scale Barding Armor
33:21 Forging
34:29 Wheelbarrow
34:54 Stone Mining
36:09 Chain Mail Armor
36:19 Chain Barding Armor
39:43 Plate Mail Armor
39:49 Iron Casting
44:34 Elite Skirmisher
45:20 Thumb Ring
49:58 Cavalier
Axes and Bows
5:10 Loom
11:21 Feudal Age
12:22 Double-Bit Axe
12:19 Horse Collar
18:54 Castle Age
20:31 Wheelbarrow
22:00 Fletching
22:11 Padded Archer Armor
22:17 Gold Mining
26:14 Stone Mining
27:23 Crossbowman
28:01 Bodkin Arrow
28:21 Leather Archer Armor
29:11 Caravan
34:24 Imperial Age
33:16 Hand Cart
33:34 Leather Archer Armor
32:50 Pikeman
35:26 Forging
35:16 Scale Mail Armor
35:18 Bracer
35:48 Ring Archer Armor
35:21 Town Watch
36:55 Chemistry
36:53 Conscription
36:42 Town Patrol
36:06 Halberdier
38:01 Gambesons
38:17 Squires
37:50 Arbalester
40:06 Bow Saw
42:33 Two-Man Saw
41:57 Ballistics
41:17 Treadmill Crane
41:43 Siege Engineers
41:52 Masonry
41:54 Fortified Wall
43:27 Iron Casting
43:07 Chain Mail Armor
43:34 Heavy Plow
44:58 Elite Skirmisher
44:59 Heavy Cavalry Archer
46:47 Gold Shaft Mining
47:06 Heavy Scorpion
49:23 Coinage
51:31 Hoardings
52:47 Light Cavalry
54:31 Capped Ram
56:46 Warwolf
57:07 Yeomen
56:58 Warwolf
57:18 Yeomen
59:01 Blast Furnace
58:31 Plate Mail Armor
58:52 Architecture
58:18 Murder Holes
59:57 Husbandry
zirdan10
7:00 Loom
11:47 Feudal Age
16:31 Castle Age
15:56 Double-Bit Axe
26:21 Gold Mining
27:13 Bow Saw
28:02 Gold Shaft Mining
32:46 Imperial Age
31:47 Husbandry
31:08 Light Cavalry
32:11 Forging
32:08 Scale Barding Armor
33:46 Wheelbarrow
34:07 Iron Casting
34:35 Conscription
35:18 Ballistics
36:20 Chivalry
35:45 Cavalier
36:49 Pikeman
37:53 Squires
42:36 Hoardings
41:47 Halberdier
46:37 Chain Barding Armor
46:17 Scale Mail Armor
47:18 Blast Furnace
49:20 Paladin
51:23 Elite Skirmisher
59:28 Padded Archer Armor
59:19 Fletching
Re-Spektor lover
4:08 Loom
11:50 Feudal Age
12:26 Horse Collar
16:37 Castle Age
15:12 Double-Bit Axe
15:41 Town Watch
17:34 Bow Saw
17:27 Heavy Plow
19:26 Gold Mining
19:27 Stone Mining
19:31 Gold Mining
20:47 Stone Shaft Mining
24:29 Wheelbarrow
26:29 Hand Cart
30:09 Imperial Age
27:52 Squires
28:24 Scale Mail Armor
28:34 Forging
29:41 Chain Mail Armor
29:29 Anarchy
29:52 Town Patrol
30:58 Iron Casting
29:49 Man-at-Arms
31:41 Crop Rotation
32:19 Two-Man Saw
33:37 Blast Furnace
33:17 Fletching
33:13 Long Swordsman
34:22 Conscription
34:04 Perfusion
34:35 Two-Handed Swordsman
35:57 Bodkin Arrow
36:24 Ballistics
37:02 Caravan
37:15 Bracer
38:14 Masonry
37:27 Champion
42:14 Pikeman
43:08 Halberdier
47:13 Elite Huskarl
51:28 Architecture
Connection lost

Rejoining the realm…

Still unreachable

The connection could not be restored.

Session expired

The server has moved on; the page needs a fresh start.